 Dungeon Crawl Stone Soup version 0.31-a0-1370-gf52a5a9ab3 (webtiles) character file.

Game seed: 17636136675240144617

81 Akett the Caller (level 4, 0/36 HPs)
             Began as a Naga Summoner on Dec 24, 2023.
             Was an Initiate of Cheibriados.
             Slain by Pargi (2 damage)
             ... on level 3 of the Dungeon.
             The game lasted 00:07:09 (2159 turns).

Akett the Caller (Naga Summoner)                    Turns: 2159, Time: 00:07:10

Health: 0/36       AC:  2    Str: 11    XL:     4   Next: 40%
Magic:  3/8        EV: 10    Int: 19    God:    Cheibriados [......]
Gold:   127        SH:  0    Dex: 12    Spells: 2/8 levels left

rFire   . . .        b - +1 flail (protect)
rCold   . . .        (no shield)
rNeg    . . .        h - +0 robe
rPois   +            c - +0 hat
rElec   .            (no cloak)
rCorr   .            (no gloves)
SInv    +            (no barding)
Will    .....        (no amulet)
Stlth   ++           (no ring)
HPRegen 0.26/turn    (no ring)
MPRegen 0.11/turn

%: no passive effects
@: attractive, inugami summoned, very slow
A: AC +1, large, see invisible, deformed body, poison resistance, slowness 2,
spit poison 1, naga tail 1
a: Spit Poison, Renounce Religion


You were on level 3 of the Dungeon.
You worshipped Cheibriados.
Cheibriados was noncommittal.
You visited 1 branch of the dungeon, and saw 3 of its levels.

You collected 127 gold pieces.

Inventory:

Hand Weapons
 a - a +0 trident
 b - a +1 flail of protection (weapon)
Armour
 c - a +0 hat (worn)
 h - a +0 robe (worn)
Scrolls
 j - a scroll of identify
Potions
 d - a potion of lignification {unknown}
 e - a potion of might {unknown}
 f - a potion of magic
 g - a potion of attraction
 i - a potion of heal wounds {unknown}


   Skills:
 - Level 0.2 Polearms
 * Level 0.1 Armour
 - Level 1.5 Dodging
 - Level 3.0 Stealth
 - Level 2.8 Spellcasting
 * Level 5.2 Summonings
 + Level 0.0 Invocations


You had 2 spell levels left.
You knew the following spells:

 Your Spells              Type           Power      Damage    Failure   Level
a - Summon Small Mammal   Summ           88%        N/A       1%          1
b - Call Imp              Summ           44%        N/A       2%          2
c - Call Canine Familiar  Summ           22%        N/A       5%          3

Your spell library contained the following spells:

 Spells                   Type           Power      Damage    Failure   Level
 Summon Guardian Golem    Hex/Summ       12%        N/A       16%         3
 Summon Lightning Spire   Summ/Air       12%        N/A       47%         4
 Conjure Ball Lightning   Conj/Air       1%         3x3d6     100%        6
 Discord                  Hex            1%         N/A       100%        8
 Disjunction              Tloc           1%         N/A       100%        8


Dungeon Overview and Level Annotations

Branches:
Dungeon (3/15)

Altars:
Cheibriados
Zin

Annotations:
D:3 Pargi


Innate Abilities, Weirdness & Mutations

Your serpentine skin is tough. (AC +1)
You have supernaturally acute eyesight. (SInv)
Armour fits poorly on your strangely shaped body.
Your system is resistant to poisons. (rPois)
You cover ground very slowly.
You can spit poison.
You have a snake-like lower body.


Message History

You call for your canine familiar and it appears with a howl!
Pargi bites you. Pargi barely misses you. Pargi claws you.
You closely miss Pargi.
Pargi is moderately wounded.
Pargi bites you.
Pargi claws you. x2; Your inugami hits Pargi.
You hit Pargi.
Your weapon exudes an aura of protection.
Pargi is heavily wounded.
Pargi barely misses you. Pargi claws you but does no damage. x2
Your inugami barely misses Pargi.
Pargi barely misses you. Pargi claws you. Pargi misses you.
You closely miss Pargi.
Pargi is heavily wounded.
You have got your breath back.
Your inugami closely misses Pargi.
Pargi bites you but does no damage. Pargi claws you but does no damage.
Pargi barely misses you.
Your inugami hits Pargi. You closely miss Pargi.
Pargi is heavily wounded.
Pargi bites you! Pargi claws you. Pargi closely misses you.
Your inugami completely misses Pargi.
Pargi bites you but does no damage. Pargi claws you.
Pargi claws you but does no damage.
You barely miss Pargi.
Pargi is heavily wounded.
Your inugami closely misses Pargi.
Pargi bites you. Pargi closely misses you. Pargi barely misses you.
Your inugami hits Pargi!
Your magical contamination has completely faded away.
You closely miss Pargi.
Pargi is severely wounded.
Pargi barely misses you. Pargi claws you.
* * * LOW HITPOINT WARNING * * *
Pargi claws you.
* * * LOW HITPOINT WARNING * * *
Your inugami hits Pargi!
It was a potion of attraction.
You feel attractive to monsters. Pargi bites you.
* * * LOW HITPOINT WARNING * * *
Pargi claws you.
You die...

#..# #..# #..# .# #..# #..#
#†.# .# #..#######..#
#..###.#
#....†......####......###
#.####.....................#
#.# #.###.#####.#..........
#.# #.# #.# #.##...####.#
#.####.# #.# #.###.#### #
#......# #.# #@........
######## #.##..T.........
#.#...h.....####
#.......##### ###.....#
##..$## ####


You could see Pargi (ally target) and a friendly inugami (summoned).

Vanquished Creatures
  A gnoll (D:1)
  A worm (D:3)
  4 dart slugs
  An orc (D:2)
  5 bats
  2 endoplasms
  A giant cockroach (D:2)
  3 goblins
  4 hobgoblins
  2 jackals (D:1)
  A quokka (D:1)
  4 ball pythons
  2 frilled lizards (D:1)
  3 kobolds
  4 rats
38 creatures vanquished.

Vanquished Creatures (collateral kills)
  A worm (D:2)
  3 orcs (D:2)
  2 endoplasms
  A goblin (D:1)
  A hobgoblin (D:1)
  A jackal (D:1)
  2 bats
  A rat (D:1)
12 creatures vanquished.

Grand Total: 50 creatures vanquished

Notes
Turn   | Place    | Note
-------+----------+-------------------------------------------
     0 | D:1      | Akett the Naga Summoner began the quest for the Orb.
     0 | D:1      | Reached XP level 1. HP: 15/15 MP: 3/3
    79 | D:1      | Found a faded altar of an unknown god.
    92 | D:1      | Reached XP level 2. HP: 14/22 MP: 5/5
   472 | D:1      | Learned a level 2 spell: Call Imp
   612 | D:1      | Reached XP level 3. HP: 28/28 MP: 6/6
   616 | D:1      | Learned a level 3 spell: Call Canine Familiar
  1481 | D:2      | Reached skill level 5 in Summonings
  1769 | D:2      | Reached XP level 4. HP: 36/36 MP: 8/8
  1935 | D:3      | Found a glowing silver altar of Zin.
  1937 | D:3      | Found a snail-covered altar of Cheibriados.
  1949 | D:3      | Became a worshipper of Cheibriados the Contemplative
  2108 | D:3      | Noticed Pargi
  2159 | D:3      | Slain by Pargi

Illustrated notes

Levels and vault maps discovered:
D:1:      ncdulo_watergridlock, layout_loops_ring,
          ebering_ecumenical_altar_mist, patterned_corridor
D:2:      layout_loops_ring
D:3:      layout_loops_ring, nicolae_overflow_squiral, uniq_pargi

Skill      XL: |  1  2  3 |
---------------+----------+-----
Summonings     | 5 |  5.2
Polearms       | |  0.2
Armour         | |  0.1
Dodging        | |  1.5
Stealth        | |  3.0
Spellcasting   | |  2.8

Action                     |  1- 3 |  4- 6 || total
---------------------------+-------+-------++-------
  Melee: Unarmed           |    80 |       ||    80
         Punch             |     1 |       ||     1
         Flail             |       |    30 ||    30
   Cast: Summon Small Mamm |     5 |       ||     5
         Call Imp          |     3 |       ||     3
         Call Canine Famil |     1 |     2 ||     3
Ability: Spit Poison       |    33 |     3 ||    36
    Use: Scroll            |     4 |       ||     4
         Potion            |       |     1 ||     1
   Stab: Sleeping          |     1 |     1 ||     2
 Armour: Robe              |    64 |    44 ||   108
  Dodge: Dodged            |    44 |    28 ||    72

Table legend: (Time is in decaauts)
 A = Elapsed time spent in this place.
 B = Non-inter-level travel time spent in this place.
 C = Inter-level travel time spent in this place.
 D = Time resting spent in this place.
 E = Time spent auto-exploring this place.
 F = Levels seen in this place.
 G = Mean time per level.
                   A        B        C        D        E       F      G
               +--------+--------+--------+--------+--------+-----+--------+
         Total |   2782 |   2705 |     77 |    310 |   1718 |   3 |  927.3 |
       Dungeon |   2782 |   2705 |     77 |    310 |   1718 |   3 |  927.3 |
               +--------+--------+--------+--------+--------+-----+--------+

Top non-repeatable levels by time:
     D:1: 1355 daAuts
     D:2: 1086 daAuts
     D:3: 340 daAuts
